 Dungeon Crawl Stone Soup version 0.31-a0-986-g5e6e4ef867 (webtiles) character file.

Game seed: 691530270208722140

703 Curundu the Slasher (level 7, 0/54 HPs)
             Began as a Human Berserker on Nov 15, 2023.
             Was a Priest of Trog.
             Succumbed to a scorpion's poison
             ... on level 6 of the Dungeon.
             The game lasted 00:35:54 (5373 turns).

Curundu the Slasher (Human Berserker)               Turns: 5373, Time: 00:35:54

Health: 0/54       AC: 13    Str: 18    XL:     7   Next: 99%
Magic:  7/7        EV:  9    Int:  7    God:    Trog [***...]
Gold:   337        SH:  7    Dex: 14    Spells: 6/6 levels left

rFire   . . .        a - +0 falchion
rCold   . . .        B - +0 kite shield
rNeg    . . .        C - +0 plate armour
rPois   .            z - +0 helmet
rElec   .            (no cloak)
rCorr   .            h - +0 pair of gloves
SInv    .            (no boots)
Will    .....        (no amulet) Stlth
                     r - +5 ring of evasion
HPRegen 0.29/turn    (no ring)
MPRegen 0.10/turn

%: no passive effects
@: lethally poisoned (0 -> -4)
A: no striking features
a: Renounce Religion, Berserk, Trog's Hand


You were on level 6 of the Dungeon.
You worshipped Trog.
Trog was most pleased with you.
You visited 1 branch of the dungeon, and saw 6 of its levels.

You collected 337 gold pieces.

Inventory:

Hand Weapons
 a - a +0 falchion (weapon)
Missiles
 b - 14 poisoned darts (quivered)
 j - 66 stones
 l - 5 silver javelins
Armour
 h - a +0 pair of gloves (worn)
 z - a +0 helmet (worn)
 B - a +0 kite shield (worn)
 C - a +0 plate armour (worn)
Magical Staves
 m - a staff of fire
Jewellery
 k - a ring of protection from fire
 n - an amulet of the acrobat
 q - a ring of ice
 r - a +5 ring of evasion (left hand)
Wands
 x - a wand of paralysis (5)
 A - a wand of mindburst (20)
Scrolls
 c - 2 scrolls of teleportation {unknown}
 d - a scroll of poison {unknown}
 e - 3 scrolls of enchant weapon {unknown}
 f - 2 scrolls of identify {unknown}
 g - 2 scrolls of amnesia {unknown}
 i - 3 scrolls of revelation {unknown}
 p - a scroll of noise {unknown}
 v - 2 scrolls of blinking {unknown}
 y - a scroll of immolation {unknown}
Potions
 o - 2 potions of degeneration {unknown}
 s - 3 potions of curing {unknown}
 t - a potion of berserk rage {unknown}
 u - 2 potions of lignification {unknown}
 w - 2 potions of attraction {unknown}


   Skills:
 + Level 4.2 Fighting
 + Level 7.3 Long Blades
 + Level 0.2 Throwing
 + Level 3.1 Armour
 + Level 3.1 Dodging
 + Level 0.1 Stealth
 + Level 0.5 Shields


You had 6 spell levels left.
You didn't know any spells.
Your spell library contained the following spells:

 Spells                   Type           Power      Damage    Failure   Level
 Apportation              Tloc           0%         N/A       100%        1
 Necrotise                Necr           0%         1d4       100%        1
 Summon Small Mammal      Summ           0%         N/A       100%        1
 Blink                    Tloc           0%         N/A       100%        2
 Manifold Assault         Tloc           0%         N/A       100%        4


Dungeon Overview and Level Annotations

Branches:
Dungeon (6/15)
 Temple: D:4-7

Altars:
Ashenzari
Dithmenos
Hepliaklqana
Kikubaaqudgha
Okawaru
Ru
Uskayaw

Shops:
D:5 *


Message History

The sky beast is severely wounded.
You feel very sick. You block the scorpion's attack.
The sky beast flickers out of sight!
Deactivating autopickup; reactivate with Ctrl-A.
Something hits you but does no damage.
The scorpion stings you but does no damage.
You miss something.
You feel sick. You block the scorpion's attack.
Something hits you but does no damage.
You barely miss something.
You feel sick. You block the scorpion's attack. You block something's attack.
You closely miss something.
You feel sick. You block the scorpion's attack.
Something hits you but does no damage. The scorpion stings you.
You are more poisoned.
The scorpion poisons you!
You closely miss something.
* * * LOW HITPOINT WARNING * * *
You feel very sick. Something hits you.
* * * LOW HITPOINT WARNING * * *
Something shocks you.
* * * LOW HITPOINT WARNING * * *
The scorpion stings you but does no damage.
Unknown command.
You closely miss something.
* * * LOW HITPOINT WARNING * * *
You feel very sick.
The scorpion stings you but does no damage.
Something hits you but does no damage. x2; The scorpion barely misses you.
You miss something.
* * * LOW HITPOINT WARNING * * *
You feel sick.
The scorpion stings you but does no damage.
Something hits you but does no damage.
You miss something.
* * * LOW HITPOINT WARNING * * *
You feel sick.
The scorpion stings you but does no damage.
Something hits you but does no damage.
You miss something.
You die...

..........# #.#
..#####...# #)# ###
.## #...# #)### ..? ..
#...# #)..# #..#.
#...# ###)#
###..#.###...# #.#
............<# #.#
#.........##########.#
..#.@............##.#
#....s{##########.##.#
##.#..... ...........#
#...........>......##
#.......########.#.#
#.......# #.#.#
#.......# #.#.#
#.......# #.#.# #.#.#


You could see a scorpion.

Vanquished Creatures
  2 ogres (D:5)
  A phantom (D:4)
  A kobold brigand (D:6)
  2 hounds
  A jelly (D:4)
  A sleepcap (D:5)
  Natasha (thrice) (D:3)
  An iguana (D:4)
  8 adders
  A white imp (D:6)
  A worm (D:3)
  2 dart slugs
  7 orcs
  10 endoplasms
  4 giant cockroaches
  9 goblins
  11 hobgoblins
  8 jackals
  3 quokkas
  3 ball pythons
  8 bats
  3 frilled lizards
  8 kobolds
  3 rats
101 creatures vanquished.

Notes
Turn   | Place    | Note
-------+----------+-------------------------------------------
     0 | D:1      | Curundu the Human Berserker began the quest for the Orb.
     0 | D:1      | Reached XP level 1. HP: 18/18 MP: 1/1
    63 | D:1      | Found a faded altar of an unknown god.
   179 | D:1      | Reached XP level 2. HP: 24/24 MP: 2/2
   640 | D:1      | Reached XP level 3. HP: 18/29 MP: 3/3
  1134 | D:2      | Found a shadowy altar of Dithmenos.
  1200 | D:2      | Reached ** piety under Trog
  1765 | D:2      | Reached XP level 4. HP: 32/35 MP: 4/4
  2084 | D:3      | Noticed Natasha
  2109 | D:3      | Killed Natasha
  2110 | D:3      | Reached skill level 4 in Long Blades
  2195 | D:3      | Noticed Natasha
  2203 | D:3      | Killed Natasha
  2204 | D:3      | Reached XP level 5. HP: 30/41 MP: 5/5
  2213 | D:3      | Found a hide-covered altar of Uskayaw.
  2772 | D:3      | Found an iron altar of Okawaru.
  2923 | D:3      | Noticed Natasha
  2936 | D:3      | Killed Natasha
  2937 | D:3      | Reached skill level 5 in Long Blades
  3149 | D:4      | Noticed a phantom
  3161 | D:4      | Killed a phantom
  3162 | D:4      | Reached XP level 6. HP: 39/48 MP: 6/6
  3223 | D:4      | Reached *** piety under Trog
  3377 | D:4      | Reached skill level 6 in Long Blades
  3762 | D:4      | Found a broken altar of Ashenzari.
  3775 | D:4      | Found an ancient bone altar of Kikubaaqudgha.
  3823 | D:4      | Found a hazy altar of Hepliaklqana.
  4040 | D:5      | Entered Level 5 of the Dungeon
  4040 | D:5      | Noticed an ogre
  4050 | D:5      | Killed an ogre
  4051 | D:5      | Reached XP level 7. HP: 45/53 MP: 7/7
  4114 | D:5      | Found Uguwekh's Gadget Gallery.
  4380 | D:5      | Reached skill level 7 in Long Blades
  4830 | D:5      | Found a sacrificial altar of Ru.
  5372 | D:6      | HP: 1/54 [poisoned by a scorpion]
  5373 | D:6      | Succumbed to a scorpion's poison

Illustrated notes

Levels and vault maps discovered:
D:1:      minmay_arrival_cross, layout_basic, hellmonk_ecumenical_altar_run_dry
D:2:      layout_basic, basic_altar
D:3:      minmay_door_path, layout_loops_ring, okawaru_trees_2,
          mainiacjoe_overflow_tiny_flanked, ebering_dispersal_statue_hall,
          chequers_serial_rivers_small_b, eino_curves_02,
          corexii_leaking_fountain, uniq_natasha
D:4:      layout_rooms, mainiacjoe_overflow_alcove_1,
          amethyst_overflow_temple_binary
D:5:      layout_cave_pods, mainiacjoe_overflow_alcove_2, nicolae_shop_gadgets
D:6:      layout_loops_ring

Skill      XL: |  1  2  3  4  5  6  7 |
---------------+----------------------+-----
Long Blades    | 4 5 6 7 |  7.3
Dodging        | 3 |  3.1
Fighting       | 4 |  4.2
Armour         | 3 |  3.1
Throwing       | |  0.2
Stealth        | |  0.1
Shields        | |  0.5

Action                     |  1- 3 |  4- 6 |  7- 9 || total
---------------------------+-------+-------+-------++-------
  Melee: Falchion          |   131 |   191 |   112 ||   434
         Punch             |     1 |     2 |       ||     3
  Throw: Stone             |       |     6 |     1 ||     7
         Dart              |       |       |     3 ||     3
   Stab: Distracted        |     1 |       |       ||     1
         Sleeping          |     1 |       |       ||     1
 Armour: Animal skin       |    94 |       |       ||    94
         Leather armour    |       |    21 |       ||    21
         Chain mail        |       |    81 |    23 ||   104
         Plate armour      |       |       |    71 ||    71
  Dodge: Dodged            |    83 |   117 |    71 ||   271
  Block: Kite shield       |       |       |    35 ||    35

Table legend: (Time is in decaauts)
 A = Elapsed time spent in this place.
 B = Non-inter-level travel time spent in this place.
 C = Inter-level travel time spent in this place.
 D = Time resting spent in this place.
 E = Time spent auto-exploring this place.
 F = Levels seen in this place.
 G = Mean time per level.
                   A        B        C        D        E       F      G
               +--------+--------+--------+--------+--------+-----+--------+
         Total |   5427 |   5427 |      0 |    788 |      0 |   6 |  904.5 |
       Dungeon |   5427 |   5427 |      0 |    788 |      0 |   6 |  904.5 |
               +--------+--------+--------+--------+--------+-----+--------+

Top non-repeatable levels by time:
     D:1: 1121 daAuts
     D:3: 1115 daAuts
     D:5: 1055 daAuts
     D:2: 956 daAuts
     D:4: 891 daAuts
     D:6: 286 daAuts
